 Dungeon Crawl Stone Soup version 0.27-a0-1046-g98bf31544f (webtiles) character file.

Game seed: 4322854872482871667

20 noodleboyJ the Magician (level 2, -2/21 HPs)
             Began as a Djinni Summoner on Apr 19, 2021.
             Was a Follower of Elyvilon.
             Slain by an adder (4 damage)
             ... on level 1 of the Dungeon.
             The game lasted 00:03:44 (3133 turns).

noodleboyJ the Magician (Djinni Summoner)           Turns: 3133, Time: 00:03:45

Health: -2/21      AC:  3    Str:  4 (7)  XL:     2   Next: 79%
Gold:   69         EV: 12    Int: 15 (16) God:    Elyvilon [*.....] SH:  0 Dex: 11 (13)

rFire    + + .     SeeInvis .   b - +0 dagger
rCold    x . .     Faith    .   (no shield)
rNeg     . . .     Spirit   .   a - +0 robe
rPois    ∞         Reflect  .   (no helmet)
rElec    .         Harm     .   c - +0 cloak
rCorr    .         Rampage  .   (no gloves)
Will     .....                  (boots unavailable)
Stlth    ++........             (no amulet)
HPRegen  0.07/turn              (no ring)
MPRegen  0.00/turn              (no ring)

@: flying
A: fire resistance 2, cold vulnerability 1, float, innate caster, hp casting,
extra vitality 1
a: Renounce Religion, Lesser Healing, Divine Protection


You were on level 1 of the Dungeon.
You worshipped Elyvilon.
Elyvilon was aware of your devotion.
You visited 1 branch of the dungeon, and saw 2 of its levels.

You collected 69 gold pieces.

Inventory:

Hand Weapons
 b - a +0 dagger (weapon)
Armour
 a - a +0 robe (worn)
 c - a +0 cloak (worn)
Scrolls
 d - a scroll of fog
Potions
 e - a potion of curing


   Skills:
 + Level 0.1 Fighting
 + Level 2.2 Dodging
 + Level 1.6 Stealth
 * Level 4.1 Spellcasting


You couldn't memorise any spells.
You knew the following spells:

 Your Spells              Type           Power      Damage    Failure   Level
a - Summon Small Mammal   Summ           60%        N/A       3%          1
b - Call Imp              Summ           15%        N/A       4%          2
c - Call Canine Familiar  Summ           15%        N/A       10%         3
d - Summon Guardian Gole  Hex/Summ       15%        N/A       10%         3
e - Summon Lightning Spi  Summ/Air       15%        N/A       32%         4
f - Summon Ice Beast      Ice/Summ       15%        N/A       32%         4
Your spell library was empty.

Dungeon Overview and Level Annotations

Branches:
Dungeon (2/15)

Altars:
Elyvilon


Innate Abilities, Weirdness & Mutations

You are immune to poison.
Your flesh is very heat resistant. (rF++)
You are vulnerable to cold. (rC-)
You float through the air rather than walking.
You learn spells naturally, not from books.
Your magical power is your life essence.
You have superior vitality. (+4 HP)


Message History

The adder is moderately wounded.
The adder closely misses you.
You hit the adder.
The adder is heavily wounded.
The adder barely misses you.
You completely miss the adder.
The adder is heavily wounded.
The adder misses you. x2
You barely miss the adder.
The adder is heavily wounded.
The adder bites you.
You barely miss the adder.
The adder is heavily wounded.
The adder bites you but does no damage.
Okay, then.
Unknown command.
You are too injured to fight recklessly!
You are too injured to fight recklessly!
Casting: Summon Small Mammal (safe; 3% risk of failure)
Press: ? - help, Q - select action, (/) - cycle Dir - look around, f - activate The adder bites you but does no damage.
The adder bites you.
* * * LOW HITPOINT WARNING * * *
You hit the adder.
The adder is severely wounded.
The adder barely misses you.
You hit the adder but do no damage.
The adder is severely wounded.
The adder closely misses you.
You hit the adder.
The adder is almost dead.
The adder misses you. The adder bites you.
* * * LOW HITPOINT WARNING * * *
You swap places.
The adder bites your rat.
Your rat dies!
Your rat's corpse disappears in a puff of smoke!
Casting: Summon Small Mammal (safe; 3% risk of failure)
Press: ? - help, Q - select action, (/) - cycle Dir - look around, f - activate
* * * LOW HITPOINT WARNING * * *
Your quokka closely misses the adder.
The adder bites you.
You die...

.# ###'##.##...............####
.# #....#.##....###..#........#
.# #....#..........#.#........#
.# #..†.#[.........#..........#
## #....##.........##.........#
####....##.........##.........#
....##'###.........##.........#
....+..# #.......r.##....######
....#### #####..@Sg.g)>..#
....# ############....########
....# #......[................
....# #........(..............
....# #.......................
##### #............##.........
#............##.........
#.......................
######............###########


You could see an adder (ally target), a hobgoblin, a goblin and a friendly
quokka (summoned).

Vanquished Creatures
  A kobold (D:1)
1 creature vanquished.

Vanquished Creatures (collateral kills)
  2 dart slugs (D:1)
  A ball python (D:1)
  4 bats (D:1)
  4 endoplasms (D:1)
  A giant cockroach (D:1)
  2 goblins (D:1)
  A hobgoblin (D:1)
  5 jackals (D:1)
  4 kobolds (D:1)
  A frilled lizard (D:1)
  A rat (D:1)
26 creatures vanquished.

Grand Total: 27 creatures vanquished

Notes
Turn   | Place    | Note
-------+----------+-------------------------------------------
     0 | D:1      | noodleboyJ the Djinni Summoner began the quest for the Orb.
     0 | D:1      | Reached XP level 1. HP: 15/15 MP: 0/0
  1161 | D:1      | Reached XP level 2. HP: 18/21 MP: 0/0
  1327 | D:1      | Reached skill level 4 in Spellcasting
  2963 | D:1      | Found a faded altar of an unknown god.
  3085 | D:1      | Became a worshipper of Elyvilon the Healer
  3085 | D:1      | Reached * piety under Elyvilon
  3133 | D:1      | Slain by an adder

Illustrated notes

Levels and vault maps discovered:
D:1:      wheals_arrival_shading, layout_basic,
          hellmonk_ecumenical_altar_lost_god, minivault_11,
          grunt_decor_arrowhead
D:2:      layout_basic

Skill      XL: |  1  2 |
---------------+-------+-----
Spellcasting   | 4 |  4.1
Fighting       | |  0.1
Dodging        | |  2.2
Stealth        | |  1.6

Action                   || total
-------------------------++-------
Melee: Unarmed           ||    10
       Dagger            ||    29
 Cast: Summon Small Mamm ||    39
       Call Imp          ||    35
Invok: Lesser Healing    ||     3
  Use: Potion            ||     3
       Scroll            ||     2
Armor: Robe              ||    26
Dodge: Dodged            ||    80

Table legend: (Time is in decaauts)
 A = Elapsed time spent in this place.
 B = Non-inter-level travel time spent in this place.
 C = Inter-level travel time spent in this place.
 D = Time resting spent in this place.
 E = Time spent auto-exploring this place.
 F = Levels seen in this place.
 G = Mean time per level.
                   A        B        C        D        E       F      G
               +--------+--------+--------+--------+--------+-----+--------+
         Total |   3132 |   3092 |     40 |    535 |   2247 |   2 | 1566.0 |
       Dungeon |   3132 |   3092 |     40 |    535 |   2247 |   2 | 1566.0 |
               +--------+--------+--------+--------+--------+-----+--------+

Top non-repeatable levels by time:
     D:1: 3127 daAuts
     D:2: 5 daAuts
